 Dungeon Crawl Stone Soup version 0.18-a0-1554-g49b38aa (webtiles) character file.

70 Oddball22 the Stinger (level 4, 0/27 HPs)
             Began as an Octopode Venom Mage on Mar 12, 2016.
             Slain by a giant gecko (4 damage)
             ... on level 2 of the Dungeon.
             The game lasted 00:04:31 (2345 turns).

Oddball22 the Stinger (Octopode Venom Mage)         Turns: 2345, Time: 00:04:32

Health: 0/27       AC:  1    Str:  7    XL:     4   Next: 22%
Magic:  4/8        EV: 12    Int: 18    God:
Gold:   77         SH:  0    Dex: 12    Spells: 3 memorised, 3 levels left

rFire  . . .     SeeInvis .     c - +0 dagger
rCold  . . .     Gourm    .     (no shield)
rNeg   . . .     Faith    .     (helmet restricted)
rPois  .         Spirit   .     (no amulet)
rElec  .         Dismiss  .     (no ring)
rCorr  .         Reflect  .     (no ring)
SustAt .         Harm     .     (no ring)
MR     .....                    (no ring)
Stlth  +++.......               (no ring)
                                (no ring)
                                (no ring)
                                (no ring)

@: not resistant to hostile enchantments, fairly stealthy
A: almost no armour, amphibious, 8 rings, constrict 8, camouflage 1, gelatinous
body 1
a: no special abilities


You were on level 2 of the Dungeon.
You were not hungry.

You visited 1 branch of the dungeon, and saw 2 of its levels.

You collected 77 gold pieces.

Inventory:

Hand Weapons
 c - a +0 dagger (weapon)
Missiles
 j - 10 poisoned needles
Scrolls
 d - 5 scrolls of identify {unknown}
 e - a scroll of magic mapping {unknown}
 f - 3 scrolls of remove curse {unknown}
 g - a scroll of immolation {unknown}
 i - a scroll of enchant weapon {unknown}
Potions
 h - a potion of curing
Books
 a - a Young Poisoner's Handbook

   Spells                             Type                      Level
   a - Sting                          Conjuration/Poison           1
   b - Cure Poison                    Poison                       2
   c - Mephitic Cloud                 Conjuration/Poison/Air       3
   d - Olgreb's Toxic Radiance        Poison                       4
   e - Venom Bolt                     Conjuration/Poison           5
Comestibles
 b - 3 bread rations
 k - a chunk of flesh


   Skills:
 - Level 2.0 Dodging
 - Level 2.6 Stealth
 * Level 3.2 Spellcasting
 + Level 5.8 Poison Magic


You had 3 spell levels left.
You knew the following spells:

 Your Spells              Type           Power        Failure   Level  Hunger
a - Sting                 Conj/Pois      ##..         6%          1    None
b - Cure Poison           Pois           ###.......   1%          2    ##.....
c - Mephitic Cloud        Conj/Pois/Air  #.......     24%         3    ###....


Dungeon Overview and Level Annotations

Branches:
Dungeon (2/15)

Altars:


Innate Abilities, Weirdness & Mutations

You cannot wear most types of armour.
You are amphibious.
You can wear up to eight rings at the same time.
You can use your tentacles to constrict eight enemies at once.
Your skin changes colour to match your surroundings (Stealth).
Your rubbery body absorbs attacks (AC +1).


Message History

The giant gecko bites you.
* * * LOW HITPOINT WARNING * * *
You are too injured to fight recklessly!
You hit the giant gecko. Your grab misses the giant gecko.
The giant gecko is severely wounded.
The giant gecko bites you.
* * * LOW HITPOINT WARNING * * *
A hobgoblin comes into view. It is wielding a club.
The hobgoblin shouts!
You hit the giant gecko but do no damage.
Your grab misses the giant gecko.
The giant gecko is severely wounded.
The giant gecko bites you.
* * * LOW HITPOINT WARNING * * *
You hit the giant gecko but do no damage.
You grab the giant gecko.
The giant gecko is severely wounded.
You constrict the giant gecko. The giant gecko misses you.
The giant gecko bites you.
You die...

##### #..รท. #....
#######.... ...........
# ###########........
#.##.......###......##
#.#>...........'........
#....g.@)....###......##
......l......# #......#
......###...## #......#
...... #...# #......##
......#################.
#.............# #.
..............# #. ..##
#........# #.
...#....... #.


You could see a giant gecko and a hobgoblin.

Vanquished Creatures
  An adder (D:2)
  2 oozes (D:1)
  A worm (D:2)
  4 dart slugs
  2 giant cockroaches (D:1)
  3 goblins
  5 hobgoblins
  8 jackals
  A quokka (D:2)
  2 bats
  3 giant newts
  3 kobolds
  6 rats
41 creatures vanquished.

Notes
Turn   | Place    | Note
--------------------------------------------------------------
     0 | D:1      | Oddball22 the Octopode Venom Mage began the quest for the Orb.
     0 | D:1      | Reached XP level 1. HP: 11/11 MP: 3/3
   208 | D:1      | Reached skill level 5 in Poison Magic
   211 | D:1      | Reached XP level 2. HP: 12/17 MP: 5/5
  1140 | D:1      | Reached XP level 3. HP: 14/21 MP: 0/7
  1772 | D:2      | Learned a level 2 spell: Cure Poison
  1776 | D:2      | Learned a level 3 spell: Mephitic Cloud
  1964 | D:2      | Reached XP level 4. HP: 12/27 MP: 1/8
  2345 | D:2      | Slain by a giant gecko

Vault maps used:
D:1:      lightli_arrival_statue_moat
D:2:      grunt_temple_overflow_gold_and_silver,
          nemelex_xobeh_ov_fountains_minmay, first_bread, minmay_statues_item

Skill      XL: |  1  2  3 |
---------------+----------+-----
Poison Magic   | 5 |  5.8
Spellcasting   | 3 |  3.2
Dodging        | |  2.0
Stealth        | |  2.6

Action                   |  1- 3 |  4- 6 || total
-------------------------+-------+-------++-------
Melee: Dagger            |    59 |    19 ||    78
 Cast: Sting             |    45 |    10 ||    55
  Use: Potion            |     1 |       ||     1
 Stab: Sleeping          |     5 |       ||     5
  Eat: Chunk             |     3 |     2 ||     5
